 Dungeon Crawl Stone Soup version 0.29-a0-330-g52719c12eb (webtiles) character file.

Game seed: 16095702156350956642

357 kae the Firebug (level 6, -5/45 HPs)
             Began as a Demigod Fire Elementalist on Apr 23, 2022.
             Slain by a gnoll
             ... wielding a +0 halberd
              (11 damage)
             ... on level 5 of the Dungeon.
             The game lasted 00:02:58 (4668 turns).

kae the Firebug (Demigod Fire Elementalist)         Turns: 4668, Time: 00:02:59

Health: -5/45      AC:  3    Str:  9    XL:     6   Next: 14%
Magic:  7/14       EV: 12    Int: 25    God:
Gold:   182        SH:  0    Dex: 14    Spells: 3/12 levels left

rFire   . . .      SeeInvis .   g - staff of conjuration
rCold   . . .      Faith    .   (no shield)
rNeg    . . .      Spirit   .   a - +1 robe
rPois   +          Reflect  .   (no helmet)
rElec   .          Harm     .   (no cloak)
rCorr   .          Rampage  .   (no gloves)
Will    +....                   (no boots)
Stlth   ++........              (no amulet)
HPRegen 0.15/turn               c - ring of willpower
MPRegen 0.14/turn               j - ring of poison resistance

@: no status effects
A: high MP 1, forlorn, divine attributes
a: no special abilities


You were on level 5 of the Dungeon.
You visited 1 branch of the dungeon, and saw 5 of its levels.

You collected 182 gold pieces.

Inventory:

Missiles
 l - a throwing net
Armour
 a - a +1 robe (worn)
Magical Staves
 g - a staff of conjuration (weapon)
Jewellery
 c - a ring of willpower (left hand)
 d - a ring of flight
 j - a ring of poison resistance (right hand)
 r - a ring of positive energy
Scrolls
 e - a scroll of blinking
 h - 2 scrolls of teleportation
 k - 2 scrolls of identify
 n - 2 scrolls of enchant armour
Potions
 b - 2 potions of magic
 f - a potion of invisibility
 i - a potion of curing
 m - a potion of degeneration
 o - 2 potions of berserk rage
 p - a potion of attraction
 q - a potion of lignification {unknown}


   Skills:
 - Level 1.7 Dodging
 - Level 1.7 Stealth
 + Level 3.5 Spellcasting
 + Level 3.4 Conjurations
 + Level 4.3 Fire Magic


You had 3 spell levels left.
You knew the following spells:

 Your Spells              Type           Power      Damage    Failure   Level
a - Foxfire               Conj/Fire      100%       2x1d9     1%          1
b - Scorch                Fire           52%        2d7       2%          2
c - Conjure Flame         Conj/Fire      35%        6-21      6%          3
d - Inner Flame           Hex/Fire       15%        N/A       12%         3

Your spell library contained the following spells:

 Spells                   Type           Power      Damage    Failure   Level
 Magic Dart               Conj           100%       1d8       2%          1
 Shock                    Conj/Air       76%        1d7       4%          1
 Call Imp                 Summ           4%         N/A       14%         2
 Mephitic Cloud           Conj/Pois/Air  15%        N/A       19%         3
 Swiftness                Air            4%         N/A       28%         3
 Flame Wave               Conj/Fire      35%        2d8       19%         4
 Airstrike                Air            2%         N/A       67%         4


Dungeon Overview and Level Annotations

Branches:
Dungeon (5/15)
 Temple: D:4-7

Shops:
D:4 ?

Annotations:
D:3 1 runed translucent door, Crazy Yiuf
D:4 exclusions: 2 gnolls and gnoll shaman


Innate Abilities, Weirdness & Mutations

You have an increased reservoir of magic. (+10% MP)
You shall have no god before yourself.
Your divine heritage dramatically boosts your attributes as you level up.


Message History

Flames lash the water moccasin.
The water moccasin is burned terribly!
The water moccasin is almost dead.
You feel very sick. The water moccasin closely misses you.
You feel sick. The water moccasin bites you.
The water moccasin closely misses you.
Casting: Scorch (safe; 3% risk of failure)
Confirm with . or Enter, or press ? or * to list all spells.
Flames lash the water moccasin.
The water moccasin is burned terribly!
You kill the water moccasin!
You feel sick.
You have reached level 6!
Your experience leads to a dramatic increase in your attributes!
Increase (S)trength, (I)ntelligence, or (D)exterity?
You feel clever. x4
You feel sick.
You feel sick.
You feel sick.
You feel sick.
You feel sick.
You are no longer poisoned.
There is a stone staircase leading up here.
A gnoll comes into view. It is wielding a +0 halberd.
A gnoll is nearby!
Casting: Scorch (safe; 2% risk of failure)
Confirm with . or Enter, or press ? or * to list all spells.
You feel a surge of power!
You conjure some foxfire!
The foxfire hits the gnoll.
The gnoll is lightly wounded.
The gnoll hits you from afar with a +0 halberd!
* * * LOW HITPOINT WARNING * * *
Casting: Foxfire (safe; 1% risk of failure)
Confirm with . or Enter, or press ? or * to list all spells.
Flames lash the gnoll.
The gnoll is severely wounded.
The gnoll's fire resistance burns away.
The gnoll hits you from afar with a +0 halberd!
* * * LOW HITPOINT WARNING * * *
The gnoll hits you from afar with a +0 halberd!
You die...

.# .# ##.# #.. ... #g# #.#.# ##
.)### #.# #.#.# .# .. .....# #@#
#[#.# #.# .# ...#.# #####v# #.#.#
#.# .###..... ....##.# #... #.# #
..†....... ..##.# #..# #.###.
.###.##.# #.##.# #.(# #.....
).......# #.##.####..#####.#...
.....##.# #..........†)).....#.
.###.##.#####.........######....#
.....##...................#..####


You could see a gnoll (combustible, ally target).

Vanquished Creatures
  A water moccasin (D:5)
  A hound (D:3)
  An iguana (D:4)
  7 gnolls
  3 adders
  5 worms
  4 dart slugs
  8 orcs
  4 endoplasms
  3 giant cockroaches
  5 goblins
  6 hobgoblins
  9 jackals
  6 kobolds
  A quokka (D:1)
  4 ball pythons
  3 bats
  A frilled lizard (D:3)
  9 rats
81 creatures vanquished.

Vanquished Creatures (others)
  291 foxfires
291 creatures vanquished.

Grand Total: 372 creatures vanquished

Notes
Turn   | Place    | Note
-------+----------+-------------------------------------------
     0 | D:1      | kae the Demigod Fire Elementalist began the quest for the
                  | Orb.
     0 | D:1      | Reached XP level 1. HP: 14/14 MP: 5/5
   185 | D:1      | Reached skill level 1 in Conjurations
   543 | D:1      | Reached XP level 2. HP: 20/20 MP: 2/7
   546 | D:1      | Learned a level 2 spell: Scorch
   735 | D:1      | Identified a scroll of acquirement
   735 | D:1      | Acquired a ring of willpower
   930 | D:2      | Reached skill level 3 in Fire Magic
  1161 | D:2      | Reached XP level 3. HP: 23/26 MP: 2/9
  1562 | D:2      | Learned a level 3 spell: Conjure Flame
  2382 | D:3      | Reached XP level 4. HP: 33/33 MP: 4/10
  2837 | D:3      | Found a runed translucent door.
  2838 | D:3      | Noticed Crazy Yiuf
  3322 | D:4      | Reached XP level 5. HP: 38/38 MP: 10/12
  3330 | D:4      | Learned a level 3 spell: Inner Flame
  3496 | D:4      | Found Yphioha's Magic Scroll Boutique.
  4394 | D:5      | Entered Level 5 of the Dungeon
  4412 | D:5      | Reached skill level 4 in Fire Magic
  4581 | D:5      | Noticed a water moccasin
  4592 | D:5      | Killed a water moccasin
  4593 | D:5      | Reached XP level 6. HP: 22/45 MP: 0/14
  4668 | D:5      | Slain by a gnoll

Illustrated notes

Levels and vault maps discovered:
D:1:      dpeg_arrival_shelter, layout_basic,
          hellmonk_ecumenical_altar_leap_of_faith
D:2:      layout_rooms, kennysheep_generic_room_15
D:3:      minmay_skewed_foursquare, layout_basic, uniq_crazy_yiuf_cottage
D:4:      layout_loops_corners, serial_shops, nicolae_take_the_stairs
D:5:      gammafunk_cloud_chamber, layout_loops_ring,
          minmay_temple_entry_arrows, kennysheep_generic_room_4, uniq_sigmund

Skill      XL: |  1  2  3  4  5 |
---------------+----------------+-----
Conjurations   | 1 2 3 |  3.4
Spellcasting   | 2 3 |  3.5
Fire Magic     | 3 4 |  4.3
Dodging        | |  1.7
Stealth        | |  1.7

Action                   |  1- 3 |  4- 6 || total
-------------------------+-------+-------++-------
Melee: Staff             |     5 |       ||     5
 Cast: Foxfire           |    83 |    88 ||   171
       Scorch            |     2 |     5 ||     7
       Conjure Flame     |       |     2 ||     2
  Use: Scroll            |     5 |     4 ||     9
Armor: Robe              |     6 |     3 ||     9
Dodge: Dodged            |    15 |    11 ||    26

Table legend: (Time is in decaauts)
 A = Elapsed time spent in this place.
 B = Non-inter-level travel time spent in this place.
 C = Inter-level travel time spent in this place.
 D = Time resting spent in this place.
 E = Time spent auto-exploring this place.
 F = Levels seen in this place.
 G = Mean time per level.
                   A        B        C        D        E       F      G
               +--------+--------+--------+--------+--------+-----+--------+
         Total |   4666 |   4523 |    143 |    382 |   3441 |   5 |  933.2 |
       Dungeon |   4666 |   4523 |    143 |    382 |   3441 |   5 |  933.2 |
               +--------+--------+--------+--------+--------+-----+--------+

Top non-repeatable levels by time:
     D:3: 1427 daAuts
     D:4: 1093 daAuts
     D:2: 995 daAuts
     D:1: 876 daAuts
     D:5: 273 daAuts
